 Dungeon Crawl Stone Soup version 0.26-a0-858-gbf766624f9 (webtiles) character file.

Game seed: 1285836413336280224

45 reriks the Chucker (level 3, 0/37 HPs)
             Began as an Ogre Hunter on Nov 24, 2020.
             Was an Initiate of Cheibriados.
             Slain by Terence
             ... wielding a +0 flail
              (8 damage)
             ... on level 2 of the Dungeon.
             The game lasted 00:03:53 (2145 turns).

reriks the Chucker (Ogre Hunter)                    Turns: 2145, Time: 00:03:54

Health: 0/37       AC:  3    Str: 17    XL:     3   Next: 64%
Magic:  3/3        EV: 10    Int: 14    God:    Cheibriados [......]
Gold:   36         SH:  0    Dex: 10    Spells: 2/2 levels left

rFire    . . .     SeeInvis .   e - +0 mace
rCold    . . .     Faith    .   (no shield)
rNeg     . . .     Spirit   .   b - +0 robe
rPois    .         Reflect  .   (helmet restricted)
rElec    .         Harm     .   (no cloak)
rCorr    .         Rampage  .   (gloves unavailable)
MR       .....                  (boots unavailable)
Stlth    +.........             (no amulet)
HPRegen  0.12/turn              (no ring)
MPRegen  0.08/turn              (no ring)

@: very slow
A: large, unfitting armour, tough skin 1
a: Bend Time, Renounce Religion


You were on level 2 of the Dungeon.
You worshipped Cheibriados.
Cheibriados was noncommittal.
You visited 1 branch of the dungeon, and saw 3 of its levels.

You collected 36 gold pieces.

Inventory:

Hand Weapons
 a - a +0 short sword
 e - a +0 mace (weapon)
 j - a +3 hunting sling
Missiles
 c - 5 large rocks
 d - 2 throwing nets
 f - 35 stones (quivered)
Armour
 b - a +0 robe (worn)
Potions
 g - a potion of attraction {unknown}
 n - a potion of magic


   Skills:
 + Level 3.1 Fighting
 * Level 1.3 Maces & Flails
 + Level 4.2 Throwing
 * Level 1.1 Armour
 + Level 2.0 Dodging
 - Level 0.6 Stealth


You had 2 spell levels left.
You didn't know any spells.
Your spell library was empty.

Dungeon Overview and Level Annotations

Branches:
Dungeon (3/15)

Altars:
Cheibriados

Annotations:
D:2 Terence


Innate Abilities, Weirdness & Mutations

You are too large for most types of armour.
You have tough skin. (AC +1)


Message History

You thump Terence!
Terence is moderately wounded.
Terence closely misses you.
You hit Terence.
Terence is heavily wounded.
Terence hits you with a +0 flail!
You hit Terence.
Terence is almost dead.
Terence hits you with a +0 flail.
You closely miss Terence.
Terence is almost dead.
Terence hits you with a +0 flail!
You hit Terence.
Terence is almost dead.
Terence hits you with a +0 flail.
* * * LOW HITPOINT WARNING * * *
You closely miss Terence.
Terence is almost dead.
Terence hits you with a +0 flail!
You die...

###.#...##......###.....#.
#...#.####..............#.
#...................######
#####....................<..
#.........######.....#.....#
#...................[........
##......##################...
#........########### ...
#......#....@@w((((. ..
#......############# ########


You could see Terence and a worm.

Vanquished Creatures
  2 adders (D:2)
  A giant cockroach (D:1)
  5 hobgoblins
  4 kobolds (D:1)
  6 bats
  A frilled lizard (D:1)
  A goblin (D:1)
  7 rats (D:1)
27 creatures vanquished.

Notes
Turn   | Place    | Note
-------+----------+-------------------------------------------
     0 | D:1      | reriks the Ogre Hunter began the quest for the Orb.
     0 | D:1      | Reached XP level 1. HP: 22/22 MP: 1/1
   238 | D:1      | Reached XP level 2. HP: 29/29 MP: 2/2
   781 | D:1      | Reached skill level 1 in Maces & Flails
  1018 | D:2      | HP: 1/31 [bat (1)]
  1405 | D:2      | Reached XP level 3. HP: 35/37 MP: 3/3
  1442 | D:2      | Found a snail-covered altar of Cheibriados.
  1452 | D:2      | Reached skill level 1 in Armour
  1590 | D:2      | You fall into a shaft and drop 1 floor!
  1648 | D:2      | Became a worshipper of Cheibriados the Contemplative
  2129 | D:2      | Noticed Terence
  2145 | D:2      | Slain by Terence

Illustrated notes

Levels and vault maps discovered:
D:1:      lightli_arrival_lavapool, layout_loops_ring
D:2:      layout_rooms, nicolae_overflow_crystal_walls, uniq_terence
D:3:      layout_basic, chequers_serial_rivers_marsh

Skill      XL: |  1  2  3 |
---------------+----------+-----
Maces & Flails | 1 |  1.3
Fighting       | 3 |  3.1
Dodging        | 2 |  2.0
Armour         | 1 |  1.1
Throwing       | |  4.2
Stealth        | |  0.6

Action                   || total
-------------------------++-------
Melee: Mace              ||    95
Throw: Stone             ||    63
  Use: Scroll            ||     5
Armor: Robe              ||    64
Dodge: Dodged            ||   114

Table legend: (Time is in decaauts)
 A = Elapsed time spent in this place.
 B = Non-inter-level travel time spent in this place.
 C = Inter-level travel time spent in this place.
 D = Time resting spent in this place.
 E = Time spent auto-exploring this place.
 F = Levels seen in this place.
 G = Mean time per level.
                   A        B        C        D        E       F      G
               +--------+--------+--------+--------+--------+-----+--------+
         Total |   2189 |   2141 |     48 |    939 |    786 |   3 |  729.7 |
       Dungeon |   2189 |   2141 |     48 |    939 |    786 |   3 |  729.7 |
               +--------+--------+--------+--------+--------+-----+--------+

Top non-repeatable levels by time:
     D:1: 1317 daAuts
     D:2: 845 daAuts
     D:3: 26 daAuts
